 Dungeon Crawl Stone Soup version 0.31-a0-875-g02e7d12df6 (webtiles) character file.

Game seed: 1824117992628682931

1944275 gelatine the Slayer (level 25, 253/253 (259) HPs)
             Began as a Demonspawn Gladiator on Oct 12, 2023.
             Was a High Priest of Jiyva.
             Escaped with the Orb
             ... and 3 runes!
             The game lasted 04:13:00 (49571 turns).

gelatine the Slayer (Demonspawn Gladiator)         Turns: 49571, Time: 04:13:00

HP:   253/253 (259) AC: 22    Str: 23 (24) XL:     25   Next: 1%
MP:   35/35         EV: 15    Int: 25      God:    Jiyva [*****.]
Gold: 3689          SH: 26    Dex:  7      Spells: 27/41 levels left

rFire   + + .        j - +8 mithril axe "Arga" {speed, Will+}
rCold   . . .        S - +7 tower shield {rC+}
rNeg    + . .        O - +0 fire dragon scales
rPois   +            c - +1 hat
rElec   +            t - +2 cloak {Stlth+}
rCorr   +            (gloves unavailable)
SInv    +            A - +2 pair of boots
Will    +++..        p - amulet of regeneration
Stlth   +            E - ring of the Enemy {Ice rElec rPois Str+3 Dex-4}
HPRegen 3.66/turn    e - ring of Poeroe {rC- rN+ Int+4 Slay+5 SInv}
MPRegen 0.69/turn

%: clarity
@: enlightened, flying, studying 3 skills, lightly drained
A: claws 3, yellow scales 2, demonic guardian 3, ignite blood 3, robust 2,
antennae 1, hooves 1, clarity, clever 2, clumsy 1, deformed body, deterioration
1, fire resistance 1, regeneration 1, wild magic 1, eyeballs 1, gelatinous body
2, tendrils, inability to drink after injury 2, inability to read after injury
1, noise suppression
0: Orb of Zot
}: 3/15 runes: serpentine, barnacled, slimy
a: Renounce Religion, Oozemancy, Slimify


You escaped.
You worshipped Jiyva.
Jiyva was extremely pleased with you.
You visited 12 branches of the dungeon, and saw 53 of its levels.
You also visited: Ice Cave and Wizlab.

You collected 5661 gold pieces.
You spent 1972 gold pieces at shops.

Inventory:

Hand Weapons
 j - the +8 mithril axe "Arga" (weapon) {speed, Will+}
   (You acquired it on level 6 of the Dungeon)

   Will+:     It increases your willpower.
 U - a +5 vampiric executioner's axe
Missiles
 m - a silver javelin (quivered)
 D - 7 throwing nets
 W - a javelin
Armour
 c - a +1 hat (worn)
 l - +0 shadow dragon scales
 n - +0 gold dragon scales
 s - +0 storm dragon scales
 t - a +2 cloak of stealth (worn)
 A - a +2 pair of boots (worn)
 J - quicksilver dragon scales
 O - +0 fire dragon scales (worn)
 S - a +7 tower shield of cold resistance (worn)
Jewellery
 b - a +6 ring of intelligence
 e - the ring of Poeroe (right claw) {rC- rN+ Int+4 Slay+5 SInv}
   (You acquired it on level 3 of the Snake Pit)

   [ring of positive energy]

   Int+4:     It affects your intelligence (+4).
   Slay+5:    It affects your accuracy & damage with ranged weapons and melee
   (+5).
   rC-:       It makes you vulnerable to cold.
   rN+:       It protects you from negative energy.
   SInv:      It lets you see invisible.
 i - a +4 ring of protection
 p - an amulet of regeneration (around neck)
 q - a +4 ring of slaying
 u - a +5 ring of evasion
 w - a ring of wizardry
 z - the ring of the Scarab {rPois rN+}
   (You acquired it on level 3 of the Lair of Beasts)

   [ring of positive energy]

   rPois:     It protects you from poison rN+: It protects you from negative
   energy.
 C - the ring "Qasoy" {Fly rC+}
   (You took it off a deep elf sorcerer on level 3 of the Elven Halls)

   [ring of flight]

   rC+:       It protects you from cold.
   Fly:       It grants you flight.
 E - the ring of the Enemy (left claw) {Ice rElec rPois Str+3 Dex-4}
   (You took it off a deep elf death mage on level 3 of the Elven Halls)

   [ring of ice]

   Ice:       It enhances your ice magic.
   Str+3:     It affects your strength (+3).
   Dex-4:     It affects your dexterity (-4).
   rF-:       It makes you vulnerable to fire.
   rC+:       It protects you from cold.
   rElec:     It insulates you from electricity.
   rPois:     It protects you from poison
 K - a ring of protection from fire
 T - a ring of willpower
Wands
 g - a wand of light (16)
 y - a wand of charming (56)
 L - a wand of iceblast (17)
 Q - a wand of digging (13)
Scrolls
 o - a scroll of silence
 v - 3 scrolls of immolation
 B - 13 scrolls of teleportation
 I - 6 scrolls of fog
 P - 3 scrolls of poison
Potions
 a - 2 potions of heal wounds
 d - 4 potions of brilliance
 f - 12 potions of might
 x - 5 potions of resistance
 F - 6 potions of curing
 H - 7 potions of haste
 N - 3 potions of invisibility
 V - 5 potions of enlightenment
 Y - 3 potions of magic
Miscellaneous
 k - a phantom mirror (inert)
 r - a lightning rod (4/4)
 G - a box of beasts (inert)
 X - a phial of floods


   Skills:
 * Level 21.9 Fighting
 - Level 18.0 Axes
 + Level 8.6 Throwing
 * Level 15.1 Armour
 * Level 16.7 Dodging
 + Level 7.2 Stealth
 * Level 20.7 Shields
 + Level 8.7 Spellcasting
 + Level 6.5 Transmutations
 + Level 6.4 Fire Magic
 + Level 5.2 Earth Magic
 + Level 10.6 Poison Magic
 + Level 5.2 Evocations
 + Level 3.0 Shapeshifting


You had 27 spell levels left.
You knew the following spells:

 Your Spells              Type           Power      Damage    Failure   Level
a - Olgreb's Toxic Radia  Pois           70%        N/A       4%          4
b - Ignite Poison         Fire/Tmut/Pois 60%        N/A       4%          3
c - Passwall              Tmut/Erth      42%        N/A       4%          2
d - Alistair's Intoxicat  Tmut/Pois      42%        N/A       22%         5

Your spell library contained the following spells:

 Spells                   Type           Power      Damage    Failure   Level
 Sting                    Tmut/Pois      100%       1d8       1%          1
 Scorch                   Fire           100%       2d9       4%          2
 Poisonous Vapours        Pois/Air       96%        N/A       6%          2
 Foxfire                  Conj/Fire      100%       2x1d9     9%          1
 Cigotuvi's Dreadful Rot  Necr/Pois/Air  74%        N/A       11%         2
 Mephitic Cloud           Conj/Pois/Air  37%        N/A       21%         3
 Inner Flame              Hex/Fire       34%        N/A       22%         3
 Volatile Blastmotes      Fire/Tloc      68%        2d15      22%         3
 Apportation              Tloc           28%        N/A       28%         1
 Freeze                   Ice            84%        1d9       28%         1
 Kiss of Death            Conj/Necr      56%        2d9       28%         1
 Necrotise                Necr           56%        1d6       28%         1
 Shock                    Conj/Air       56%        1d6       28%         1
 Slow                     Hex            56%        N/A       28%         1
 Summon Small Mammal      Summ           56%        N/A       28%         1
 Ensorcelled Hibernation  Hex/Ice        42%        N/A       38%         2
 Jinxbite                 Hex            28%        N/A       38%         2
 Lesser Beckoning         Tloc           28%        N/A       38%         2
 Momentum Strike          Conj/Tloc      28%        3d8       38%         2
 Static Discharge         Conj/Air       28%        2-4/arc   38%         2
 Flame Wave               Conj/Fire      34%        2d10      56%         4
 Sticky Flame             Conj/Fire      34%        2d5       56%         4
 Call Canine Familiar     Summ           14%        N/A       61%         3
 Confusing Touch          Hex            14%        N/A       61%         3
 Dazzling Flash           Conj/Hex       28%        N/A       61%         3
 Frozen Ramparts          Ice            42%        1d7       61%         3
 Gell's Gravitas          Tloc           14%        N/A       61%         3
 Hailstorm                Conj/Ice       21%        3d6       61%         3
 Sigil of Binding         Hex            14%        N/A       61%         3
 Summon Guardian Golem    Hex/Summ       14%        N/A       61%         3
 Swiftness                Air            14%        N/A       61%         3
 Teleport Other           Tloc           14%        N/A       61%         3
 Tukima's Dance           Hex            14%        N/A       61%         3
 Vampiric Draining        Necr           14%        2d7       61%         3
 Leda's Liquefaction      Hex/Erth       15%        N/A       65%         4
 Eringya's Noxious Bog    Tmut/Pois      31%        4d6       73%         6
 Yara's Violent Unravell  Hex/Tmut       17%        3d8       87%         5
 Borgnjor's Vile Clutch   Necr/Erth      15%        N/A       92%         5
 Airstrike                Air            7%         2d(1-17)  93%         4
 Anguish                  Hex/Necr       7%         N/A       93%         4
 Animate Dead             Necr           14%        N/A       93%         4
 Dimensional Bullseye     Hex/Tloc       7%         N/A       93%         4
 Dispel Undead            Necr           14%        3d10      93%         4
 Manifold Assault         Tloc           14%        N/A       93%         4
 Passage of Golubria      Tloc           14%        N/A       93%         4
 Summon Ice Beast         Ice/Summ       21%        N/A       93%         4
 Freezing Cloud           Conj/Ice/Air   10%        6-21      100%        5
 Silence                  Hex/Air        7%         N/A       100%        5
 Summon Forest            Summ/Tloc      7%         N/A       100%        5
 Dispersal                Tloc           7%         N/A       100%        6
 Plasma Beam              Fire/Air       17%        2x1d28    100%        6
 Starburst                Conj/Fire      17%        6d6       100%        6
 Summon Cactus Giant      Summ           7%         N/A       100%        6
 Haunt                    Necr/Summ      7%         N/A       100%        7
 Summon Hydra             Summ           7%         N/A       100%        7
 Disjunction              Tloc           7%         N/A       100%        8
 Ignition                 Fire           27%        3d9       100%        8
 Infestation              Necr           7%         N/A       100%        8
 Lehudib's Crystal Spear  Conj/Erth      15%        10d5      100%        8
 Maxwell's Capacitive Co  Air            7%         ∞         100%        8


Dungeon Overview and Level Annotations

Branches:
Dungeon (15/15)            Temple (1/1) D:6            Lair (5/5) D:9
 Shoals (4/4) Lair:3        Snake (4/4) Lair:2        Slime (5/5) Lair:4
    Orc (2/2) D:11            Elf (3/3) Orc:2        Vaults (4/5) D:13
  Crypt (1/3) Vaults:2     Depths (4/4) D:15            Zot (5/5) Depths:4
  IceCv (visited)          WizLab (visited)

Altars:
Ashenzari
Dithmenos
Fedhas
Gozag
Hepliaklqana
Kikubaaqudgha
Nemelex Xobeh
Okawaru
Qazlal
Ru
Sif Muna
Trog
Uskayaw
Vehumet
Wu Jian
Xom
Yredelemnul
Jiyva

Shops:
D:1 [   D:8 ((?[   D:10 :   D:15 :   Orc:2 [?!::?   Elf:1 :   Elf:2 (
Shoals:1 :[[   Vaults:2 ((   Depths:4 (

Portals:
Hell: Depths:1 Depths:2 Depths:3 Depths:4
Abyss: Depths:3 Depths:4
Pandemonium: Depths:2
Ziggurat: Depths:1

Annotations:
Slime:5 Royal Jelly
Vaults:3 2 transporters, exclusion: orange crystal statue
Zot:1 2 transporters, 3 runed translucent doors, DocEon's ghost, veteran DECj


Innate Abilities, Weirdness & Mutations

You have claws for hands.
You are mostly covered in yellow scales. (AC +3)
A powerful demonic guardian rushes to your aid.
Your demonic aura causes all spilled blood to erupt in flames.
You are very robust. (+20% HP)
You have a pair of small antennae on your head.
You have large cloven feet.
You possess an exceptional clarity of mind.
Your mind is very acute. (Int +8, Str/Dex -2)
You are clumsy. (Dex -2)
Armour fits poorly on your strangely shaped body.
Your body sometimes deteriorates upon taking damage.
Your flesh is heat resistant. (rF+)
Your natural rate of healing is unusually fast.
Your spells are a little harder to cast, but a little more powerful.
Your body has grown eyes which may confuse attackers. (Acc +3)
Your pliable body absorbs attacks. (AC +2, EV +2)
You are covered in slimy tendrils that may disarm your opponents.
You sometimes lose the ability to drink potions when taking damage.
You occasionally lose the ability to read scrolls when taking damage.
You passively dampen the noise of your surroundings.


Message History

You kill the hellwing!
You see here a +0 giant club.
There is a stone staircase leading up here.
You climb upwards.
There is a stone staircase leading down here.
There is a stone staircase leading up here.
You climb upwards.
There is a stone staircase leading down here.
There is a stone staircase leading up here.
You climb upwards.
There is a stone staircase leading down here.
You see here a +0 whip.
There is a stone staircase leading up here.
You climb upwards.
There is a stone staircase leading down here.
You see here a +0 club.
Jiyva gurgles merrily.
You hear a distant slurping noise.
A balrug and 3 sun demons come into view.
The balrug is wielding a +2 demon whip of flaming.
The sun demon shouts! x3; You hear a distant slurping noise.
You hear a distant slurping noise.
You hear a distant slurping noise.
You hear a distant slurping noise. x2
You hear a distant slurping noise.
You hear a distant slurping noise.
An Orb Guardian comes into view.
You open the door.
There is an open door here.
You feel very buoyant.
You fly up into the air.
The Orb Guardian hits you but does no damage.
The Orb Guardian attacks as it pursues you!
You block the Orb Guardian's attack. x2
You see here 4 stones.
There is an open door here.
There is an open door here.
There is a staircase leading out of the dungeon here.
You can't go down here!
You have escaped!

....##..#####≈≈≈§≈§≈#####..##
..###.### #≈≈≈.....§≈≈# ###.##
#.##.## #.).........# ##.# #.##.#
######'###### #.# #.##.#####
###8'8#8### #####.##
..#.##...###.........###..≈##.#
#.#.#....##...........##..≈≈#.#
..#.#....#..........(.##(..≈#.###
#.#.'...........@.)...8'(..≈X3..#
#.#.#....#............'#..§§#3#.#
#.#.#....##...........##..§§#{#.#
#.#.##...###.........###..§##3#.#
#.##.##### ####8'8#### ######.#.#
#.##.# ######'###### #.##.#
#.##.## #.....((....# ##3##.#
.>###.### #≈≈≈....§§§≈# ###.###.#
#.# ##..#####≈≈≈≈≈≈≈#####..###...


There were no monsters in sight!

Vanquished Creatures
  2 dread liches
  4 ancient liches
  2 orbs of fire
  A juggernaut (Depths:2)
  2 Killer Klowns (Zot:5)
  Sojobo (Depths:1)
  Vv (Zot:2)
  Vashnia (Snake:3)
  2 curse toes
  12 golden dragons
  Nikola (Snake:3)
  Jory (Depths:3)
  11 tentacled monstrosities
  5 electric golems
  A walking earthen tome (Depths:3)
  2 liches
  A walking frostbound tome (Depths:1)
  2 titans
  25 Orb Guardians
  5 quicksilver dragons
  2 deep elf blademasters (Elf:3)
  4 acid blobs
  2 walking divine tomes (Depths:3)
  10 death cobs
  5 sphinxes
  2 deep elf master archers (Elf:3)
  Kirke (Snake:3)
  4 tengu reavers (Depths:1)
  Roxanne (Snake:3)
  Agnes (D:15)
  Frances (Shoals:1)
  Aizul (Shoals:4)
  10 storm dragons
  7 shadow dragons
  2 nagarajas
  5 draconian monks
  3 draconian knights
  4 deep elf sorcerers
  A rockslime (Slime:2)
  A revenant (Crypt:1)
  3 iron dragons
  10 fire giants
  A daeva (Zot:4)
  2 azure jellies
  12 frost giants
  A ghost moth (Zot:5)
  7 vault wardens
  An orc warlord (Orc:1)
  7 draconian scorchers
  4 draconian shifters
  A balrug (Zot:5)
  5 draconian stormcallers
  3 deep elf elementalists (Elf:3)
  4 draconian annihilators
  2 spriggan defenders
  17 very ugly things
  3 formless jellyfish (Slime:4)
  2 quicksilver oozes
  12 ironbound preservers
  11 black draconians
  7 ironbound thunderhulks
  4 deep elf demonologists (Elf:3)
  10 vampire knights
  11 green draconians
  21 stone giants
  7 deep elf annihilators (Elf:3)
  13 dire elephants
  10 purple draconians
  12 yellow draconians
  9 spark wasps
  A lorocyproca (D:7)
  3 minotaurs (Shoals:4)
  12 red draconians
  11 white draconians
  Snorg (Lair:4)
  16 ettins
  10 deep elf death magi
  A blizzard demon (Depths:1)
  An eidolon (Vaults:2)
  4 mummy priests (WizLab)
  8 merfolk impalers
  2 merfolk javelineers
  A crystal guardian (Vaults:3)
  11 fire dragons
  Josephine (Shoals:1)
  A great orb of eyes (Slime:3)
  3 entropy weavers
  4 vault guards
  10 rakshasas
  A great orb of eyes (shapeshifter) (Vaults:1)
  6 yaktaur captains
  3 deep elf high priests
  Harold (Lair:2)
  3 spriggan zombies
  A peacekeeper (Vaults:3)
  2 hell beasts (Depths:1)
  6 hydras
  9 ice dragons
  7 spriggan air magi
  Erica (D:10)
  2 sphinx zombies (WizLab)
  2 salamander tyrants
  11 satyrs (Shoals:4)
  2 boulder beetles
  2 anacondas
  A merfolk aquamancer (Shoals:4)
  31 dancing weapons
  2 death knights (D:13)
  9 centaur warriors
  5 ironbound frosthearts
  6 two-headed ogres
  7 naga warriors
  4 death yaks (Lair:5)
  2 catoblepae (Lair:5)
  5 vampire magi
  3 deep troll earth magi
  4 deep troll shamans
  9 tengu warriors
  6 spriggan berserkers
  7 shock serpents
  A titan zombie (Crypt:1)
  An orc high priest (Orc:2)
  13 hell knights
  3 sun demons (Zot:5)
  11 naga sharpshooters
  2 skysharks
  14 deep elf knights
  5 soul eaters
  A titan skeleton (Vaults:3)
  Amaemon (Lair:2)
  A bunyip zombie (Crypt:1)
  A spark wasp zombie (WizLab)
  5 iron trolls
  12 skeletal warriors (Crypt:1)
  A deep troll (shapeshifter) (Elf:1)
  27 deep trolls
  7 sea snakes
  3 salamander mystics
  A golden dragon zombie (WizLab)
  A glowing orange brain (Slime:4)
  5 naga ritualists
  5 deep elf archers
  2 bog bodies (IceCv)
  A flayed ghost (Depths:1)
  6 phantasmal warriors
  3 lindwurms (Vaults:3)
  An obsidian statue (Zot:5)
  13 deep elf zephyrmancers
  10 necromancers
  13 orc knights
  6 ironbound convokers
  4 large abominations (Depths:4)
  A tengu zombie (WizLab)
  10 wizards
  A tengu skeleton (Vaults:3)
  24 deep elf pyromancers
  7 harpies
  2 stone giant zombies
  4 orc sorcerers
  2 shining eyes
  7 mana vipers
  13 manticores
  4 fauns (Shoals:4)
  10 cyclopes
  21 ugly things
  4 salamanders
  3 merfolk sirens
  20 moths of wrath
  2 oklob plants (Lair:1)
  A salamander (shapeshifter) (D:13)
  3 elephants (Lair:5)
  An ice statue (IceCv)
  A water nymph (shapeshifter) (D:11)
  A black mamba (shapeshifter) (D:14)
  A guardian serpent (shapeshifter) (D:12)
  An elf zombie (WizLab)
  4 vault sentinels
  3 eyes of devastation (Slime:4)
  32 black mambas
  10 guardian serpents
  A hellion (D:9)
  16 cane toads
  An orange demon (Lair:2)
  6 naga magi
  3 gargoyles
  A centaur skeleton (Crypt:1)
  5 unseen horrors
  13 komodo dragons
  21 yaktaurs
  3 kobold demonologists
  6 freezing wraiths
  A yaktaur (shapeshifter) (Elf:2)
  3 ice devils
  2 guardian mummies (WizLab)
  A rime drake (Lair:5)
  A tengu conjurer (Depths:1)
  An efreet (D:14)
  A red draconian skeleton (Crypt:1)
  12 wind drakes
  A meliai (shapeshifter) (Depths:4)
  A queen bee (shapeshifter) (D:13)
  6 trolls
  27 merfolk
  4 polar bears (Lair:5)
  2 harpy skeletons (Crypt:1)
  A hellwing (D:5)
  9 blink frogs
  An ettin zombie (WizLab)
  3 hornets
  A tarantella (shapeshifter) (D:14)
  20 dream sheep
  8 snapping turtles
  A culicivora (shapeshifter) (Elf:1)
  A centaur simulacrum (D:15)
  4 flying skulls (Crypt:1)
  27 slime creatures
  9 water elementals
  3 air elementals
  10 wraiths
  A dire elephant simulacrum (IceCv)
  6 hogs (Snake:3)
  2 spriggans
  5 basilisks
  3 wyverns
  6 fire elementals
  42 yaks
  2 golden eyes (Slime:4)
  4 chaos spawn (Depths:4)
  5 death yak simulacra (IceCv)
  5 redbacks
  7 vampire mosquitoes
  2 human zombies
  2 acid dragons
  7 wargs
  23 nagas
  9 water moccasins
  2 hydra simulacra (IceCv)
  2 hell hounds (Depths:2)
  A naga skeleton (Crypt:1)
  A faun skeleton (Crypt:1)
  A floating eye (Slime:4)
  A demonspawn skeleton (Crypt:1)
  An ice beast (D:6)
  2 black bears
  A sky beast (D:8)
  44 orc warriors
  3 ogres
  2 boggarts (Vaults:2)
  13 wolves
  An elephant skeleton (Crypt:1)
  2 phantoms
  31 centaurs
  12 bullfrogs
  3 kobold brigands
  2 two-headed ogre simulacra (IceCv)
  A human skeleton (Vaults:3)
  6 cane toad simulacra (IceCv)
  3 earth elementals
  4 scorpions
  3 small abominations (Depths:4)
  An elephant simulacrum (IceCv)
  5 killer bees (D:9)
  A shapeshifter skeleton (Crypt:1)
  2 howler monkeys
  An electric eel (Lair:3)
  A wolf skeleton (Crypt:1)
  25 orc priests
  5 hounds
  10 jellies
  A gnoll bouda (D:8)
  A hell rat (Lair:1)
  3 iguanas
  28 orc wizards
  2 polar bear simulacra (IceCv)
  6 troll simulacra (IceCv)
  4 spriggan simulacra (IceCv)
  4 wolf simulacra (IceCv)
  5 gnolls
  5 naga simulacra (IceCv)
  6 adders
  5 river rats (Lair:1)
  A shadow imp (D:5)
  4 white imps (IceCv)
  8 ufetubi
  A worm (D:4)
  2 dart slugs
  91 orcs
  5 bats
  21 endoplasms
  4 giant cockroaches
  9 goblins
  11 hobgoblins
  6 quokkas
  5 ball pythons
  A dart slug zombie (Crypt:1)
  3 frilled lizards
  A goblin zombie (Crypt:1)
  26 kobolds
  21 rats
  A river rat skeleton (Crypt:1)
1847 creatures vanquished.

Vanquished Creatures (collateral kills)
  A dread lich (Zot:5)
  A Killer Klown (Zot:5)
  A curse toe (Zot:3)
  A Tzitzimitl (Zot:5)
  A tentacled monstrosity (Depths:1)
  3 Orb Guardians
  A sphinx (Vaults:1)
  A shadow dragon (Zot:5)
  A death cob (Zot:5)
  5 storm dragons
  A draconian knight (Zot:3)
  A deep elf sorcerer (Elf:3)
  A vault warden (Vaults:1)
  A frost giant (Depths:1)
  A draconian shifter (Zot:3)
  A draconian stormcaller (Zot:3)
  A draconian annihilator (Zot:1)
  A very ugly thing (Depths:1)
  A green draconian (Zot:3)
  A deep elf demonologist (Elf:1)
  3 black draconians
  3 dire elephants (Vaults:1)
  A yellow draconian (Zot:1)
  A deep elf annihilator (Elf:3)
  A purple draconian (Zot:1)
  2 red draconians
  A crystal guardian (Vaults:3)
  A deep elf death mage (Elf:3)
  An ettin (Depths:1)
  A spriggan air mage (Depths:1)
  A spriggan berserker (Depths:1)
  A deep troll (Depths:1)
  An ironbound convoker (Vaults:1)
  A deep elf pyromancer (Elf:1)
  A moth of wrath (Zot:2)
46 creatures vanquished.

Vanquished Creatures (others)
  An acid blob (Zot:5)
  A fire giant (Depths:2)
  A draconian annihilator (Zot:2)
  A deep elf demonologist (Elf:1)
  A great orb of eyes (shapeshifter) (Elf:1)
  9 great orbs of eyes
  A yaktaur captain (Vaults:3)
  A tengu warrior (Depths:1)
  A vampire mage (Depths:1)
  A deep elf knight (Elf:2)
  A fire crab (shapeshifter) (Depths:1)
  A goliath frog (shapeshifter) (Vaults:3)
  2 glowing orange brains
  A glowing orange brain (shapeshifter) (Depths:3)
  A harpy (Vaults:1)
  A deep elf pyromancer (Elf:1)
  2 deep elf zephyrmancers (Elf:3)
  A vault sentinel (Vaults:2)
  A water nymph (shapeshifter) (Vaults:1)
  An eye of devastation (shapeshifter) (Depths:3)
  A yaktaur (Vaults:3)
  A queen bee (shapeshifter) (Depths:1)
  9 slime creatures
  A hog (shapeshifter) (Depths:1)
  A redback (Vaults:2)
  A floating eye (Depths:1)
  A boggart (Vaults:2)
  A centaur (Shoals:2)
  A wolf skeleton (Crypt:1)
  143 jellies
  3 orcs (Elf:1)
193 creatures vanquished.

Grand Total: 2086 creatures vanquished

Notes
Turn   | Place    | Note
-------+----------+-------------------------------------------
     0 | D:1      | gelatine the Demonspawn Gladiator began the quest for the
                  | Orb.
     0 | D:1      | Reached XP level 1. HP: 16/16 MP: 1/1
   187 | D:1      | Found Qacvomiq's Antique Armour Shoppe.
   232 | D:1      | Gained mutation: You have sharp fingernails. [demonic
                  | ancestry]
   232 | D:1      | Reached XP level 2. HP: 17/22 MP: 2/2
   511 | D:1      | Gained mutation: Your demonic aura sometimes causes spilled
                  | blood to erupt in flames. [demonic ancestry]
   511 | D:1      | Reached XP level 3. HP: 23/27 MP: 3/3
  1739 | D:2      | Reached XP level 4. HP: 28/33 MP: 4/4
  1774 | D:2      | Reached skill level 1 in Stealth
  1789 | D:2      | Reached skill level 1 in Armour
  1816 | D:2      | Reached XP level 5. HP: 15/39 MP: 6/6
  2052 | D:2      | Reached skill level 1 in Spellcasting
  3164 | D:4      | Reached XP level 6. HP: 46/46 MP: 7/7
  3380 | D:4      | Found a basalt altar of Yredelemnul.
  3761 | D:5      | Entered Level 5 of the Dungeon
  3957 | D:5      | Reached skill level 3 in Fighting
  3957 | D:5      | Reached skill level 5 in Axes
  3982 | D:5      | Gained mutation: Your demonic aura often causes spilled
                  | blood to erupt in flames. [demonic ancestry]
  3982 | D:5      | Reached XP level 7. HP: 52/52 MP: 9/9
  4115 | D:5      | Identified the +1 leather armour of Marbles {Contam rN+++
                  | Str-4 Int+4}
  4827 | D:6      | Reached skill level 4 in Fighting
  4827 | D:6      | Reached XP level 8. HP: 52/60 MP: 11/11
  4948 | D:6      | Identified a scroll of acquirement
  4950 | D:6      | Acquired the +8 mithril axe "Arga" {speed, Will+}
  4950 | D:6      | Found the +8 mithril axe "Arga" {speed, Will+}
  5136 | D:6      | Found a staircase to the Ecumenical Temple.
  5182 | Temple   | Entered the Ecumenical Temple
  5792 | D:8      | Found Nanaciozi's Antique Armour Boutique.
  5861 | D:8      | Found Menomos's Magic Scroll Shoppe.
  5916 | D:8      | Found a sparkling altar of Nemelex Xobeh.
  6003 | D:8      | Found an iron altar of Okawaru.
  6014 | D:8      | Noticed a two-headed ogre
  6019 | D:8      | Killed a two-headed ogre
  6020 | D:8      | Reached skill level 5 in Fighting
  6020 | D:8      | Reached skill level 1 in Evocations
  6020 | D:8      | Reached skill level 1 in Shapeshifting
  6020 | D:8      | Gained mutation: You are partially covered in yellow
                  | scales. (AC +2) [demonic ancestry]
  6020 | D:8      | Reached XP level 9. HP: 68/68 MP: 12/12
  6135 | D:8      | Found a broken altar of Ashenzari.
  6176 | D:8      | Found Yvinluze's Antique Weapon Shop.
  6250 | D:8      | Found Sagaluz's Weapon Boutique.
  6721 | D:9      | Reached skill level 5 in Dodging
  6725 | D:9      | Found a blossoming altar of Fedhas.
  6743 | D:9      | Reached XP level 10. HP: 68/76 MP: 13/13
  6751 | D:9      | Found a radiant altar of Vehumet.
  6775 | D:9      | Reached skill level 6 in Fighting
  6796 | D:9      | Identified the +7 chain mail of Qobbud {rCorr Str+3 Dex-4}
  6975 | D:9      | Found a staircase to the Lair.
  7174 | D:9      | Reached skill level 10 in Axes
  7379 | Lair:1   | Entered Level 1 of the Lair of Beasts
  7412 | Lair:1   | Noticed a cane toad
  7420 | Lair:1   | Killed a cane toad
  7546 | Lair:1   | Reached skill level 5 in Armour
  7547 | Lair:1   | Noticed a cane toad
  7554 | Lair:1   | Killed a cane toad
  7563 | Lair:1   | Gained mutation: You have very sharp fingernails. [demonic
                  | ancestry]
  7563 | Lair:1   | Reached XP level 11. HP: 78/83 MP: 14/14
  7892 | Lair:1   | Reached skill level 7 in Fighting
  8305 | Lair:1   | Found a blossoming altar of Fedhas.
  8307 | Lair:1   | Noticed an oklob plant
  8307 | Lair:1   | Noticed an oklob plant
  8312 | Lair:1   | Killed an oklob plant
  8320 | Lair:1   | Killed an oklob plant
  8654 | Lair:2   | Noticed a boulder beetle
  8682 | Lair:2   | Killed a boulder beetle
  8757 | Lair:2   | Noticed Harold
  8767 | Lair:2   | Noticed an eight-headed hydra
  8774 | Lair:2   | Killed Harold
  8779 | Lair:2   | Killed an eight-headed hydra
  8838 | Lair:2   | Found a staircase to the Snake Pit.
  8858 | Lair:2   | Found a frozen archway.
  8866 | Lair:2   | HP: 4/86 [ice devil (16)]
  9077 | IceCv    | Entered an ice cave
  9105 | IceCv    | Reached XP level 12. HP: 92/92 MP: 15/15
  9181 | IceCv    | Identified the +0 pair of boots of the Serpent {Will-
                  | Dex+6}
  9201 | IceCv    | Reached skill level 8 in Fighting
  9918 | Lair:2   | Noticed Amaemon
  9928 | Lair:2   | Reached skill level 1 in Shields
  9931 | Lair:2   | Killed Amaemon
 10707 | Lair:3   | Found a staircase to the Shoals.
 10841 | Lair:3   | Acquired a manual of Stealth
 10845 | Lair:3   | Acquired the ring of the Scarab {rPois rN+}
 11022 | Lair:3   | Reached XP level 13. HP: 100/100 MP: 16/16
 11422 | Lair:3   | Upgraded the game from 0.31-a0-868-g674d60d6f7 to
                  | 0.31-a0-875-g02e7d12df6
 11511 | D:10     | Entered Level 10 of the Dungeon
 11620 | D:10     | Reached skill level 9 in Fighting
 11690 | D:10     | Noticed Erica
 11701 | D:10     | Killed Erica
 11744 | D:10     | Found Xyinat's Book Emporium.
 12318 | D:11     | Learned a level 4 spell: Olgreb's Toxic Radiance
 12585 | D:11     | Found a staircase to the Orcish Mines.
 12803 | D:11     | Found a shimmering altar of Xom.
 12805 | D:11     | Found a shimmering altar of Xom.
 12805 | D:11     | Found a shimmering altar of Xom.
 12852 | D:11     | Found a shimmering altar of Xom.
 13154 | Orc:1    | Entered Level 1 of the Orcish Mines
 13170 | Orc:1    | Noticed an orc warlord
 13178 | Orc:1    | Reached skill level 1 in Poison Magic
 13193 | Orc:1    | Killed an orc warlord
 13875 | Lair:4   | Reached skill level 15 in Axes
 13924 | Lair:4   | Found a staircase to the Slime Pits.
 14064 | Lair:4   | Noticed Snorg
 14071 | Lair:4   | Killed Snorg
 14800 | Slime:1  | Entered Level 1 of the Pits of Slime
 14800 | Slime:1  | Noticed an acid blob
 14800 | Slime:1  | Noticed an acid blob
 14804 | Slime:1  | Noticed a quicksilver ooze
 14963 | Lair:4   | Killed an acid blob
 15094 | Lair:4   | Killed an acid blob
 15095 | Lair:4   | Reached XP level 14. HP: 66/109 MP: 17/17
 15165 | Lair:5   | Entered Level 5 of the Lair of Beasts
 15541 | Lair:5   | Reached skill level 5 in Shields
 15612 | Lair:5   | Reached skill level 5 in Throwing
 15617 | Lair:5   | Reached skill level 10 in Fighting
 16457 | D:12     | You fall into a shaft and drop 3 floors!
 16457 | D:15     | Entered Level 15 of the Dungeon
 17182 | D:13     | Found Zin's Purification Station.
 17242 | D:13     | Bought a potion of curing for 90 gold pieces
 17434 | D:13     | Gained mutation: You are weak. (Str -2) [potion of
                  | mutation]
 17434 | D:13     | Gained mutation: Your spells are a little harder to cast,
                  | but a little more powerful. [potion of mutation]
 17459 | D:13     | Reached XP level 15. HP: 109/117 MP: 18/18
 17482 | D:13     | Found a gate to the Vaults.
 17904 | D:15     | Reached skill level 5 in Poison Magic
 18000 | D:15     | Noticed Agnes
 18007 | D:15     | Killed Agnes
 18065 | D:15     | Identified the +6 hand axe of Horioh {drain, rF++ Will+
                  | rCorr}
 18089 | D:15     | Found Qepnou's Self-Published Books.
 18286 | D:15     | Found a staircase to the Depths.
 18724 | Orc:2    | Entered Level 2 of the Orcish Mines
 18774 | Orc:2    | Found Vajelufe's Antique Armour Emporium.
 18785 | Orc:2    | Reached skill level 11 in Fighting
 19030 | Orc:2    | Found Imotec's Magic Scroll Emporium.
 19033 | Orc:2    | Gained mutation: You are vulnerable to cold. (rC-) [a
                  | neqoxec]
 19129 | Orc:2    | Found a staircase to the Elven Halls.
 19419 | Orc:2    | Found Buff's Book Boutique.
 19419 | Orc:2    | Found Vaxzub's Book Emporium.
 19423 | Orc:2    | Found Zoshymob's Magic Scroll Shoppe.
 19433 | Orc:2    | Found Minnuish's Distillery.
 19440 | Orc:2    | Bought 2 scrolls of acquirement for 1352 gold pieces
 19440 | Orc:2    | Bought a scroll of blinking for 97 gold pieces
 19440 | Orc:2    | Bought a scroll of blinking for 97 gold pieces
 19445 | Orc:2    | Bought a potion of heal wounds for 70 gold pieces
 19445 | Orc:2    | Bought a potion of heal wounds for 70 gold pieces
 19874 | Snake:1  | Entered Level 1 of the Snake Pit
 20230 | Snake:1  | Noticed a nagaraja
 20235 | Snake:1  | Killed a nagaraja
 20630 | Snake:1  | Gained mutation: A weak demonic guardian rushes to your
                  | aid. [demonic ancestry]
 20630 | Snake:1  | Reached XP level 16. HP: 122/126 MP: 19/19
 20860 | Snake:2  | You fall into a shaft and drop 1 floor!
 21030 | Snake:3  | Noticed Kirke
 21032 | Snake:3  | Noticed a sphinx
 21042 | Snake:3  | Killed Kirke
 21554 | Snake:2  | Identified the +3 trident "Grim Tooth" {spect, rElec rC+
                  | Str+7 Dex-5}
 21875 | Snake:2  | Lost mutation: You are vulnerable to cold. (rC-) [potion of
                  | mutation]
 21875 | Snake:2  | Lost mutation: Your spells are a little harder to cast, but
                  | a little more powerful. [potion of mutation]
 21875 | Snake:2  | Gained mutation: Your system is resistant to poisons.
                  | (rPois) [potion of mutation]
 21875 | Snake:2  | Gained mutation: You are robust. (+10% HP) [potion of
                  | mutation]
 21875 | Snake:2  | Gained mutation: You have sharp toenails. [potion of
                  | mutation]
 21875 | Snake:2  | Gained mutation: You are covered in fur. (AC +1) [potion of
                  | mutation]
 22272 | Snake:3  | Noticed Vashnia
 22445 | Snake:3  | HP: 4/139 [Vashnia/bolt (22)]
 22450 | Snake:3  | Killed Vashnia
 22650 | Snake:3  | Noticed Roxanne
 22654 | Snake:3  | Acquired a +2 broad axe of freezing
 22655 | Snake:3  | Acquired the ring of Poeroe {rC- rN+ Int+4 Slay+5 SInv}
 22683 | Snake:3  | Noticed Nikola
 22720 | Snake:3  | Killed Nikola
 23241 | Snake:3  | Killed Roxanne
 23374 | Snake:4  | Entered Level 4 of the Snake Pit
 23817 | Snake:4  | Reached skill level 10 in Armour
 23824 | Snake:4  | Reached skill level 12 in Fighting
 23930 | Snake:4  | Noticed a quicksilver dragon
 23939 | Snake:4  | Killed a quicksilver dragon
 24061 | Snake:4  | Got a serpentine rune of Zot
 24345 | Shoals:1 | Entered Level 1 of the Shoals
 24463 | Shoals:1 | Found Exkegogu's Armour Shoppe.
 24470 | Shoals:1 | Noticed Josephine
 24481 | Shoals:1 | Killed Josephine
 24534 | Shoals:1 | Found Cueppemam's Armour Emporium.
 24556 | Shoals:1 | Got a shiny book
 24569 | Shoals:1 | Found Gorunali's Book Emporium.
 24622 | Shoals:1 | Noticed Frances
 24633 | Shoals:1 | Killed Frances
 25032 | Shoals:2 | Gained mutation: A demonic guardian rushes to your aid.
                  | [demonic ancestry]
 25032 | Shoals:2 | Reached XP level 17. HP: 145/147 MP: 23/23
 25931 | Shoals:3 | Reached skill level 10 in Dodging
 26388 | Shoals:4 | Entered Level 4 of the Shoals
 26388 | Shoals:4 | Noticed Aizul
 26401 | Shoals:4 | Killed Aizul
 26549 | Shoals:4 | Reached skill level 5 in Spellcasting
 26852 | Shoals:4 | Got a barnacled rune of Zot
 26894 | Shoals:4 | Reached skill level 10 in Shields
 26896 | Shoals:4 | Noticed a sphinx
 26908 | Shoals:4 | Paralysed by a sphinx for 3 turns
 27036 | Shoals:4 | Killed a sphinx
 27037 | Shoals:4 | Reached skill level 13 in Fighting
 27231 | Shoals:4 | Found the +7 captain's cutlass {speed, disarm}
 27683 | Slime:2  | Gained mutation: You have hidden genetic potential. [a
                  | shining eye]
 27834 | Slime:3  | Noticed an acid blob
 27842 | Slime:3  | Killed an acid blob
 28026 | Slime:4  | Paralysed by a floating eye for 3 turns
 28032 | Slime:4  | Paralysed by a floating eye for 4 turns
 28115 | Slime:4  | Paralysed by a formless jellyfish for 1 turns
 28121 | Slime:4  | Paralysed by a formless jellyfish for 1 turns
 28128 | Slime:4  | Paralysed by a formless jellyfish for 1 turns
 28134 | Slime:4  | Noticed an acid blob
 28140 | Slime:4  | Killed an acid blob
 28359 | Slime:4  | Gained mutation: You are mostly covered in yellow scales.
                  | (AC +3) [demonic ancestry]
 28359 | Slime:4  | Reached XP level 18. HP: 157/157 MP: 26/26
 28649 | Slime:5  | Entered Level 5 of the Pits of Slime
 28669 | Slime:5  | Noticed the Royal Jelly
 28703 | Slime:5  | Found a viscous altar of Jiyva.
 28718 | Slime:5  | HP: 5/157 [slime creature (6)]
 28719 | Slime:5  | Became a worshipper of Jiyva Jyroh the Shapeless
 29427 | Elf:1    | Entered Level 1 of the Elven Halls
 29474 | Elf:1    | Found a radiant altar of Vehumet.
 29478 | Elf:1    | Paralysed by an air elemental for 1 turns
 29944 | Elf:1    | Found Jaesyr's Book Emporium.
 29946 | Elf:1    | Reached * piety under Jiyva
 30072 | Elf:1    | Identified the +6 scimitar of Qikliv {freeze, rPois MP+9
                  | Str+5 Dex-3}
 30084 | Elf:1    | Noticed an Ice Fiend
 30110 | Elf:1    | Found a runed translucent gate.
 30110 | Elf:1    | Found a runed translucent gate.
 30110 | Elf:1    | Found a runed translucent gate.
 30110 | Elf:1    | Found a runed translucent gate.
 30110 | Elf:1    | Found a runed translucent gate.
 30160 | Elf:1    | Found a runed translucent gate.
 30615 | Elf:2    | Paralysed by an air elemental for 1 turns
 30721 | Elf:2    | Found a runed translucent gate.
 30721 | Elf:2    | Found a runed translucent gate.
 30721 | Elf:2    | Found a runed translucent gate.
 30849 | Elf:2    | Found Ajasud's Antique Weapon Boutique.
 31106 | Elf:2    | Reached skill level 14 in Fighting
 31182 | Elf:2    | Reached ** piety under Jiyva
 31305 | Elf:2    | Gained mutation: You are strong-willed. (Will+) [hidden
                  | potential]
 31495 | Elf:3    | Entered Level 3 of the Elven Halls
 31595 | Elf:3    | Paralysed by an air elemental for 1 turns
 31599 | Elf:3    | Paralysed by an air elemental for 1 turns
 31874 | Elf:3    | Identified the ring of the Enemy {Ice rElec rPois Str+3
                  | Dex-4}
 31962 | Elf:3    | Noticed a Brimstone Fiend
 31995 | Elf:3    | Identified the +1 great sword of Nyalow {freeze, rCorr
                  | MP+9}
 31995 | Elf:3    | Identified the +5 leather armour of the Old and Reckless
                  | {Int+4}
 32008 | Elf:3    | Reached XP level 19. HP: 138/168 MP: 29/29
 32011 | Elf:3    | Identified the ring "Hedghez" {rPois Dex+6}
 32095 | Elf:3    | Reached *** piety under Jiyva
 32127 | Elf:3    | Identified the +8 quarterstaff of Gepnua {venom, rC+ Will+
                  | Dex+3}
 32127 | Elf:3    | Identified the ring "Qasoy" {Fly rC+}
 32153 | Elf:3    | Identified the +8 trident of Exquisite Death {freeze,
                  | Dex+5}
 32153 | Elf:3    | Identified the ring "Teram Cast" {Will+ rCorr Int-4 Dex+6
                  | Slay-5}
 32209 | Elf:3    | Identified the +7 flail of Untruth {freeze, rN+ Dex+2}
 32215 | Elf:3    | Found the +8 storm bow {elec, penet}
 32242 | Elf:3    | Identified the staff of the Eel {rElec rPois rN+ Will++
                  | MP+9 Necro}
 32275 | Elf:3    | Got a sparkling book
 32303 | Elf:3    | Got a moldy book
 32382 | Elf:3    | Identified the +1 leather armour of Pathos {rF+ Str+3 Int+3
                  | Stlth+}
 32467 | Elf:3    | Lost mutation: You are robust. (+10% HP) [Jiyva's grace]
 32467 | Elf:3    | Lost mutation: You are weak. (Str -2) [Jiyva's grace]
 32467 | Elf:3    | Gained mutation: Your mind is acute. (Int +4, Str/Dex -1)
                  | [Jiyva's grace]
 32467 | Elf:3    | Gained mutation: Your mind is very acute. (Int +8, Str/Dex
                  | -2) [Jiyva's grace]
 32467 | Elf:3    | Gained mutation: You have a small jelly attached to you
                  | that may absorb projectiles. [Jiyva's grace]
 32467 | Elf:3    | Gained mutation: You have a small jelly attached to you
                  | that senses nearby items. [Jiyva's grace]
 32487 | Elf:3    | Reached skill level 15 in Fighting
 32780 | Vaults:1 | Entered Level 1 of the Vaults
 32881 | Vaults:1 | Acquired a manual of Shields
 33125 | Vaults:1 | Learned a level 3 spell: Ignite Poison
 33347 | Vaults:1 | Reached skill level 1 in Transmutations
 33354 | Vaults:1 | Reached skill level 1 in Fire Magic
 33363 | Vaults:1 | Reached **** piety under Jiyva
 33476 | Vaults:1 | Reached skill level 10 in Poison Magic
 34155 | Vaults:2 | Found Emirud's Weapon Shoppe.
 34439 | Vaults:2 | Lost mutation: Your mind is very acute. (Int +8, Str/Dex
                  | -2) [Jiyva's grace]
 34439 | Vaults:2 | Lost mutation: You have a small jelly attached to you that
                  | may absorb projectiles. [Jiyva's grace]
 34439 | Vaults:2 | Gained mutation: You have a pair of small antennae on your
                  | head. [Jiyva's grace]
 34439 | Vaults:2 | Gained mutation: You have a pair of antennae on your head.
                  | [Jiyva's grace]
 34439 | Vaults:2 | Gained mutation: You have a pair of large antennae on your
                  | head. (SInv) [Jiyva's grace]
 34439 | Vaults:2 | Gained mutation: You have an increased reservoir of magic.
                  | (+10% MP) [Jiyva's grace]
 34605 | Vaults:2 | Gained mutation: A powerful demonic guardian rushes to your
                  | aid. [demonic ancestry]
 34605 | Vaults:2 | Reached XP level 20. HP: 164/164 MP: 34/34
 34672 | Vaults:2 | Found a staircase to the Crypt.
 34760 | Vaults:2 | Reached ***** piety under Jiyva
 34907 | Vaults:2 | Found Kahaedoe's Antique Weapon Shoppe.
 35192 | Crypt:1  | Entered Level 1 of the Crypt
 35297 | Crypt:1  | Reached skill level 16 in Fighting
 36240 | Vaults:3 | Found a magical portal.
 36249 | WizLab   | Entered Doroklohe's Tomb
 36334 | WizLab   | Reached ****** piety under Jiyva
 36334 | WizLab   | Lost mutation: You have a pair of large antennae on your
                  | head. (SInv) [Jiyva's grace]
 36334 | WizLab   | Lost mutation: You have a small jelly attached to you that
                  | senses nearby items. [Jiyva's grace]
 36334 | WizLab   | Gained mutation: Your natural rate of healing is unusually
                  | fast. [Jiyva's grace]
 36334 | WizLab   | Gained mutation: You heal very quickly. [Jiyva's grace]
 36334 | WizLab   | Gained mutation: You regenerate. [Jiyva's grace]
 36334 | WizLab   | Gained mutation: Your flesh is heat resistant. (rF+)
                  | [Jiyva's grace]
 36452 | WizLab   | Noticed a dread lich
 36463 | WizLab   | Killed a dread lich
 36483 | WizLab   | Learned a level 2 spell: Passwall
 36804 | Vaults:3 | Reached skill level 15 in Shields
 36804 | Vaults:3 | Reached skill level 5 in Evocations
 36805 | Vaults:3 | Gained mutation: You are robust. (+10% HP) [hidden
                  | potential]
 36805 | Vaults:3 | Lost mutation: You have hidden genetic potential. [hidden
                  | potential expressed]
 36834 | Vaults:3 | Found a transporter.
 36847 | Vaults:3 | Found a transporter.
 38011 | Slime:5  | Got a slimy rune of Zot
 38015 | Slime:5  | Identified the +8 sling "Lyasch" {flame, Str+2 Int+4}
 38074 | Slime:5  | Identified the +0 pair of gloves of Proximity {rC+ Int-4
                  | Dex+4}
 38079 | Slime:5  | Identified the +5 short sword of Awnenif {speed, rN++ Int+4
                  | Dex-3}
 38111 | Slime:5  | Identified the +1 halberd of Midwinter {heavy, Drain rC++
                  | Int+5}
 38426 | Depths:1 | Entered Level 1 of the Depths
 38440 | Depths:1 | Reached skill level 17 in Fighting
 38452 | Depths:1 | Noticed a golden dragon
 38468 | Depths:1 | Killed a golden dragon
 38549 | Depths:1 | Mutation became permanent: You are robust. (+10% HP)
                  | [demonic ancestry]
 38549 | Depths:1 | Gained mutation: You are robust. (+10% HP) [demonic
                  | ancestry]
 38549 | Depths:1 | Reached XP level 21. HP: 183/191 MP: 36/36
 38682 | Depths:1 | Noticed a golden dragon
 38696 | Depths:1 | Killed a golden dragon
 38697 | Depths:1 | Reached skill level 5 in Fire Magic
 38750 | Depths:1 | Noticed a golden dragon
 38760 | Depths:1 | Killed a golden dragon
 38780 | Depths:1 | Reached skill level 5 in Transmutations
 38879 | Depths:1 | Identified the +1 sling "Imp's Curse" {speed, rPois rF-
                  | rC++ Stlth-}
 38989 | Depths:1 | Found the +6 arbalest "Damnation" {damnation}
 39158 | Depths:1 | Reached skill level 18 in Fighting
 39170 | Depths:1 | Found a gateway to Hell.
 39184 | Depths:1 | Noticed Sojobo
 39198 | Depths:1 | Killed Sojobo
 39456 | Depths:1 | Found a one-way gateway to a ziggurat.
 39477 | Depths:1 | You fall into a shaft and drop 1 floor!
 39523 | Depths:2 | Lost mutation: You have a pair of antennae on your head.
                  | [Jiyva's grace]
 39523 | Depths:2 | Lost mutation: You have sharp toenails. [Jiyva's grace]
 39523 | Depths:2 | Lost mutation: You are strong-willed. (Will+) [Jiyva's
                  | grace]
 39523 | Depths:2 | Lost mutation: You regenerate. [Jiyva's grace]
 39523 | Depths:2 | Lost mutation: You heal very quickly. [Jiyva's grace]
 39523 | Depths:2 | Gained mutation: You are covered in thick fur. (AC +2)
                  | [Jiyva's grace]
 39523 | Depths:2 | Gained mutation: Your thick and shaggy fur keeps you warm.
                  | (AC +3, rC+) [Jiyva's grace]
 39523 | Depths:2 | Gained mutation: Your body has grown eyes which may confuse
                  | attackers. (Acc +3) [Jiyva's grace]
 39523 | Depths:2 | Gained mutation: Your body has grown many eyes which may
                  | confuse attackers. (Acc +5) [Jiyva's grace]
 39546 | Depths:2 | Noticed a juggernaut
 39572 | Depths:2 | Killed a juggernaut
 39786 | Depths:2 | Found a one-way gate leading to the halls of Pandemonium.
 40207 | Depths:2 | Gained mutation: You have claws for hands. [demonic
                  | ancestry]
 40207 | Depths:2 | Reached XP level 22. HP: 203/203 MP: 37/37
 40990 | Depths:3 | Noticed Jory
 41004 | Depths:3 | Killed Jory
 41329 | Depths:3 | Reached skill level 5 in Stealth
 41357 | Depths:3 | Lost mutation: Your mind is acute. (Int +4, Str/Dex -1)
                  | [Jiyva's grace]
 41357 | Depths:3 | Lost mutation: You have an increased reservoir of magic.
                  | (+10% MP) [Jiyva's grace]
 41357 | Depths:3 | Lost mutation: Your system is resistant to poisons. (rPois)
                  | [Jiyva's grace]
 41357 | Depths:3 | Lost mutation: Your thick and shaggy fur keeps you warm.
                  | (AC +3, rC+) [Jiyva's grace]
 41357 | Depths:3 | Lost mutation: You are covered in thick fur. (AC +2)
                  | [Jiyva's grace]
 41357 | Depths:3 | Gained mutation: You have a small jelly attached to you
                  | that senses nearby items. [Jiyva's grace]
 41357 | Depths:3 | Gained mutation: You are covered in slimy tendrils that may
                  | disarm your opponents. [Jiyva's grace]
 41357 | Depths:3 | Gained mutation: You have acidic saliva. [Jiyva's grace]
 41357 | Depths:3 | Gained mutation: You have large cloven feet. [Jiyva's
                  | grace]
 41458 | Depths:3 | Found a one-way gate to the infinite horrors of the Abyss.
 41477 | Depths:3 | Reached skill level 1 in Earth Magic
 41566 | Depths:3 | Reached skill level 19 in Fighting
 42104 | Depths:3 | Identified the +2 trident of Grace {venom, rC+ Dex+3}
 42106 | Depths:3 | Got a foxed book
 42114 | Depths:3 | Got a foxed book
 42287 | Depths:4 | Entered Level 4 of the Depths
 42431 | Depths:4 | Found a gate to the Realm of Zot.
 42998 | Depths:4 | Found Fiaxt's Antique Weapon Emporium.
 43160 | Zot:1    | Entered Level 1 of the Realm of Zot
 43180 | Zot:1    | Noticed a golden dragon
 43188 | Zot:1    | Killed a golden dragon
 43306 | Zot:1    | Gained mutation: You are very robust. (+20% HP) [demonic
                  | ancestry]
 43306 | Zot:1    | Reached XP level 23. HP: 208/235 MP: 35/35
 43402 | Zot:1    | Found a transporter.
 43527 | Zot:1    | Found a transporter.
 43556 | Zot:1    | Lost mutation: You are covered in fur. (AC +1) [Jiyva's
                  | grace]
 43556 | Zot:1    | Lost mutation: You have acidic saliva. [Jiyva's grace]
 43556 | Zot:1    | Lost mutation: Your body has grown many eyes which may
                  | confuse attackers. (Acc +5) [Jiyva's grace]
 43556 | Zot:1    | Lost mutation: You have a small jelly attached to you that
                  | senses nearby items. [Jiyva's grace]
 43556 | Zot:1    | Gained mutation: Your rubbery body absorbs attacks. (AC +1,
                  | EV +1) [Jiyva's grace]
 43556 | Zot:1    | Gained mutation: Your pliable body absorbs attacks. (AC +2,
                  | EV +2) [Jiyva's grace]
 43556 | Zot:1    | Gained mutation: Your gelatinous body deflects attacks. (AC
                  | +3, EV +3) [Jiyva's grace]
 43556 | Zot:1    | Gained mutation: Your spells are a little harder to cast,
                  | but a little more powerful. [Jiyva's grace]
 43677 | Zot:1    | Found a runed translucent gate.
 43677 | Zot:1    | Found a runed translucent gate.
 43678 | Zot:1    | Found a runed translucent gate.
 43679 | Zot:1    | Found an ancient bone altar of Kikubaaqudgha.
 43679 | Zot:1    | Noticed a dread lich
 43679 | Zot:1    | Noticed a dread lich
 43679 | Zot:1    | Noticed an ancient lich
 43679 | Zot:1    | Noticed DocEon's ghost (veteran DECj)
 43679 | Zot:1    | Noticed a dread lich
 43777 | Zot:2    | Noticed a curse toe
 43982 | Zot:2    | Reached skill level 20 in Fighting
 44084 | Zot:2    | Killed a curse toe
 44210 | Zot:2    | Learned a level 5 spell: Alistair's Intoxication
 44331 | Zot:2    | Noticed Vv
 44360 | Zot:2    | Killed Vv
 44666 | Zot:2    | Identified the +6 sling of Hospitality {freeze, *Slow rC+
                  | Int+4}
 44914 | Zot:3    | Noticed a curse toe
 44959 | Zot:3    | Killed a curse toe
 45468 | Zot:3    | Lost mutation: Your gelatinous body deflects attacks. (AC
                  | +3, EV +3) [Jiyva's grace]
 45468 | Zot:3    | Gained mutation: You possess an exceptional clarity of
                  | mind. [Jiyva's grace]
 45468 | Zot:3    | Gained mutation: You passively dampen the noise of your
                  | surroundings. [Jiyva's grace]
 45468 | Zot:3    | Gained mutation: Your mind is acute. (Int +4, Str/Dex -1)
                  | [Jiyva's grace]
 45468 | Zot:3    | Gained mutation: Your mind is very acute. (Int +8, Str/Dex
                  | -2) [Jiyva's grace]
 45533 | Zot:3    | Reached skill level 5 in Earth Magic
 46175 | D:8      | Bought an embroidered hat for 196 gold pieces
 46526 | Zot:4    | Reached skill level 15 in Dodging
 46982 | Zot:4    | Gained mutation: Your demonic aura causes all spilled blood
                  | to erupt in flames. [demonic ancestry]
 46982 | Zot:4    | Reached XP level 24. HP: 246/247 MP: 35/35
 47150 | Zot:5    | Entered Level 5 of the Realm of Zot
 47641 | Zot:5    | Noticed an ancient lich
 47657 | Zot:5    | Killed an ancient lich
 47658 | Zot:5    | Reached skill level 21 in Fighting
 47707 | Zot:5    | Noticed an ancient lich
 47710 | Zot:5    | Noticed an orb of fire
 47712 | Zot:5    | Noticed a Killer Klown
 47714 | Zot:5    | Noticed a Killer Klown
 47715 | Zot:5    | Noticed an ancient lich
 47718 | Zot:5    | Gained mutation: You occasionally lose the ability to drink
                  | potions when taking damage. [an orb of fire]
 47731 | Zot:5    | Gained mutation: Your body sometimes deteriorates upon
                  | taking damage. [an orb of fire]
 47751 | Zot:5    | Gained mutation: You are clumsy. (Dex -2) [an orb of fire]
 47756 | Zot:5    | Gained mutation: You occasionally lose the ability to read
                  | scrolls when taking damage. [an orb of fire]
 47797 | Zot:4    | Killed an ancient lich
 47895 | Zot:4    | Killed an orb of fire
 47923 | Zot:4    | Killed an ancient lich
 47963 | Zot:5    | Killed a Killer Klown
 48015 | Zot:5    | Killed a Killer Klown
 48146 | Zot:5    | Noticed a Killer Klown
 48160 | Zot:5    | Killed a Killer Klown
 48387 | Zot:5    | Identified the +1 great mace "Kuidataq" {venom, SInv}
 48492 | Zot:5    | Noticed a dread lich
 48535 | Zot:5    | Killed a dread lich
 48536 | Zot:5    | Reached skill level 15 in Armour
 48540 | Zot:5    | Noticed an ancient lich
 48560 | Zot:5    | Killed an ancient lich
 48566 | Zot:5    | Noticed an orb of fire
 48571 | Zot:5    | Gained mutation: Armour fits poorly on your strangely
                  | shaped body. [an orb of fire]
 48577 | Zot:5    | Gained mutation: You sometimes lose the ability to drink
                  | potions when taking damage. [an orb of fire]
 48579 | Zot:5    | Killed an orb of fire
 48654 | Zot:5    | Noticed a dread lich
 48672 | Zot:5    | Killed a dread lich
 48740 | Zot:5    | Got the Orb of Zot
 49321 | D:7      | Reached XP level 25. HP: 251/253 MP: 35/35
 49571 | D:$      | Escaped with the Orb!

Illustrated notes

Levels and vault maps discovered:
D:1:      dpeg_arrival_morbid_curiosity, layout_basic, serial_shops,
          nicolae_shop_stone, serial_bayou_pond_b,
          chequers_serial_rivers_micro_d
D:2:      cheibrodos_fertilizer, layout_basic, minmay_box_of_dots
D:3:      layout_basic, serial_corexii_hall, corexii_hall_statues_x,
          chequers_hall_statues_wall_a
D:4:      dreamdust_elfheim, layout_basic, mainiacjoe_overflow_catwalk,
          hangedman_abyss_or_decor_stagger
D:5:      layout_loops_ring, serial_co_window_serial,
          co_window_of_opportunity_a, co_window_of_opportunity_a,
          co_window_corner_a, co_window_paths_a, co_window_cross_1,
          co_window_corner_ca, co_window_paths_c, co_window_2corner,
          glass_columns_a, glass_columns_a, chequers_serial_rivers_micro_b,
          serial_bayou_lagoon_b
D:6:      layout_loops_corners, minmay_temple_entry_glass, abandoned_shop,
          grunt_decor_cap
D:7:      layout_rooms
D:8:      layout_basic, nemelex_spade_bored_becter,
          nicolae_overflow_hidden_temple, serial_shops, shop, shop, shop,
          kennysheep_mini_moat, grunt_ministairs_8
D:9:      minmay_spotlight, layout_basic, gammafunk_temple_overflow_forgotten,
          david_lair_shrubbed
D:10:     layout_roguey, serial_bayou_lagoon_a, kennysheep_small_circle,
          uniq_erica
D:11:     layout_roguey, erik_orc_3, amcnicky_mini_corridor_feature,
          xom_redecorated
D:12:     layout_cave_pools
D:13:     layout_rooms, david_vaults_5, zin_purify
D:14:     layout_rooms, dreamdust_princess_corridor
D:15:     hangedman_depths_entry_civil_slaughter, layout_loops_cross,
          serial_bayou_ford_a, minivault_23, nicolae_custom_books,
          chequers_serial_rivers_micro_a, uniq_agnes
Temple:   nicolae_temple_no_exploring_needed
Lair:1:   layout_small_grid, hangedman_tree_tricks, kennysheep_abandoned_house,
          infiniplex_staircase_pool_2
Lair:2:   dpeg_oklob_shooting_range, layout_cave_pods, dummy_snake_entry,
          portal_ice_cave_demonic_guard, minmay_stone_trees_medium,
          minivault_27, beast_lair_carwin_7, lemuel_fruit_fields, uniq_amaemon,
          uniq_harold
Lair:3:   layout_small_grid, minmay_shoals_entry_hut,
          grunt_forest_small_clearing_treed
Lair:4:   layout_gridlike, nicolae_slime_entry_slimehenge, uniq_snorg
Lair:5:   grunt_lair_end_beastmaster, layout_long_grid, lemuel_old_faithful
Shoals:1: layout_shoals, serial_shops, nicolae_shop_crystal, shop,
          nicolae_shop_tiny_statue_garden, uniq_josephine, uniq_frances
Shoals:2: layout_shoals, nicolae_shoals_shepherds
Shoals:3: layout_shoals, nicolae_shoals_circle_sea_wall
Shoals:4: shoals_end_hellmonk_lost_city, serial_shops, uniq_aizul
Snake:1:  layout_gridlike, nicolae_snake_magic_snake_eye, lemuel_fruit_tree
Snake:2:  layout_chambers
Snake:3:  layout_cave_town, corexii_hall_statues_i, nicolae_letterblocks
          [nicolae_letter_subblock, nicolae_letter_subblock,
          nicolae_letter_subblock, nicolae_letter_subblock,
          nicolae_letter_subblock, nicolae_letter_subblock,
          nicolae_letter_subblock, nicolae_letter_subblock,
          nicolae_letter_subblock, nicolae_letter_subblock,
          nicolae_letter_subblock, nicolae_letter_subblock,
          nicolae_letter_subblock, nicolae_letter_subblock,
          nicolae_letter_subblock, nicolae_letter_subblock,
          nicolae_letter_subblock, nicolae_letter_subblock,
          nicolae_letter_subblock, nicolae_letter_subblock,
          nicolae_letter_subblock, nicolae_letter_subblock,
          nicolae_letter_subblock, nicolae_letter_subblock,
          nicolae_letter_subblock], uniq_vashnia, uniq_roxanne, uniq_nikola,
          uniq_kirke
Snake:4:  hellmonk_snake_rune_quicksilver_temple, layout_cave_town
Slime:1:  layout_caves
Slime:2:  layout_caves, nicolae_slime_barrier
Slime:3:  layout_caves
Slime:4:  layout_caves, nicolae_slime_getting_an_eyeful
Slime:5:  slime_pit_nicolae_inversion
Orc:1:    layout_caves, special_room [special_room_orc]
Orc:2:    st_orc_rangers, layout_caves, guppyfry_orc_lava_fort
Elf:1:    eino_elf_arrival_altar, layout_rooms, serial_shops,
          nicolae_book_shop_shelving, orc_legates
Elf:2:    nicolae_elf_blades_splatter_lattice [mumra_blade_entry_bloodbath],
          layout_geoelf_diagonals, nicolae_take_the_stairs
Elf:3:    grunt_elf_hall_asides, layout_geoelf_diagonals
Vaults:1: nicolae_vaults_steering_wheel, v_misc_29, v_misc_24,
          nicolae_vaults_offset_grid_hallway_3, st_lines, vaults_dpeg_doors,
          vaults_dpeg_spiral, nicolae_vaults_ninety_degrees,
          nicolae_vaults_tetromino_L_1, nicolae_vaults_diamond_2,
          grunt_vaults_funnel, dpeg_vaults_monster_row, v_rooms_4,
          grunt_vaults_diagonal, layout_vaults_omnibox
Vaults:2: v_misc_28, vaults_room_pool, nicolae_vaults_heart-shaped_vault,
          vaults_mumra_lcd, nicolae_vaults_trapezoid_lopsided_1,
          vaults_room_fancy_cross, v_misc_25, v_misc_18,
          minmay_crypt_entry_simple_box,
          nicolae_vaults_taking_the_gang_shopping, layout_vaults_quadrants,
          serial_shops, nicolae_shop_overgrown_old_shop
Vaults:3: mu_enter_wizlab_6, hangedman_vaults_stream, v_pattern_1,
          vaults_room_pools, nicolae_vaults_house_1,
          nicolae_vaults_oval_intersection, vaults_mumra_hexcomb,
          nicolae_vaults_diamond_2, hangedman_vaults_hat,
          nicolae_vaults_storage_closets_3, nicolae_vaults_tangram_2,
          nicolae_vaults_storage_closets_1, gammafunk_sealed_arena, v_misc_25,
          nicolae_vaults_trapezoid_3, layout_vaults_maze_snakey
Vaults:4: v_alt_pattern_1, ontoclasm_vaults_ring_square, serial_ice_b,
          nicolae_vaults_frosty_reception, nicolae_vaults_closet_pinwheel_3,
          nicolae_vaults_door_testing_chamber, nicolae_vaults_sightless_eye,
          v_rooms_4, nicolae_vaults_rhombus_5, dpeg_vaults_monster_box,
          nicolae_vaults_asterisk, layout_vaults_omnicross, serial_shops,
          nicolae_shop_window_shopping, shop
Crypt:1:  layout_regular_city, due_unseen_surprise
Depths:1: minmay_octagon_city, layout_gridlike, enter_ziggurat_f,
          amcnicky_mini_pool_small, grunt_mini_vestibule, st_stairs_11,
          minmay_mirror_moons_of_madness, uniq_sojobo
Depths:2: nzn_winding_woodlands_small [nzn_winding_woodlands_5x15_sawtooth,
          nzn_winding_woodlands_center_triple_pond,
          nzn_winding_woodlands_5x15_garden], layout_gridlike,
          serial_corexii_hall, corexii_hall_statues_u,
          chequers_hall_statues_corner_a, minmay_staircase_bubble, pan_entry,
          grunt_hell_entry_dis_grunt
Depths:3: minmay_the_grid_triangle_9x9_rhombus_full
          [minmay_the_grid_triangle_9x9_pentomino_pain,
          minmay_the_grid_triangle_9x9_negative_grid,
          minmay_the_grid_triangle_9x9_from_above,
          minmay_the_grid_triangle_9x9_sparse_checkered,
          minmay_the_grid_triangle_9x9_flanged_cone,
          minmay_the_grid_triangle_9x9_odd_lines,
          minmay_the_grid_triangle_9x9_zippers_horizontal,
          minmay_the_grid_triangle_9x9_prize_center], layout_gridlike,
          pf_coc_iceberg, dk_noncrumbling_2, abyss_entry, uniq_jory
Depths:4: evilmike_zot_entry_argh, layout_cave_shapes, serial_shops,
          nicolae_lakefront_shop, glass_columns_b, hell_entry,
          minmay_room_of_horrors
Zot:1:    gammafunk_its_a_trap, layout_misc_corridors, gammafunk_ghost_crypt
Zot:2:    layout_cellular_growth, uniq_vv
Zot:3:    layout_misc_corridors, grunt_megastairs_4
Zot:4:    layout_misc_corridors
Zot:5:    layout_misc_corridors

Skill      XL: |  1  2  3  4  5  6  7  8  9 10 11 12 13 14 15 16 17 18 19 20 21 22 23 24 |
---------------+-------------------------------------------------------------------------+-----
Dodging        | 3 4 5 6 7 8 9 10 11 12 13 14 15 16 | 16.7
Axes           | 3 4 5 6 7 9 10 12 14 15 16 17 18 | 18.0
Stealth        | 1 2 3 4 5 6 7 |  7.2
Armour         | 1 2 3 4 5 6 8 9 10 11 12 13 14 15 | 15.1
Spellcasting   | 1 2 4 5 6 7 8 |  8.7
Fighting       | 3 4 5 6 7 8 9 10 11 12 13 14 15 17 18 19 20 21 | 21.9
Throwing       | 2 3 4 5 6 7 8 |  8.6
Evocations     | 1 2 4 5 |  5.2
Shapeshifting  | 1 2 3 |  3.0
Shields        | 3 4 6 7 8 10 11 13 15 17 18 19 20 | 20.7
Poison Magic   | 3 4 6 7 8 9 10 | 10.6
Transmutations | 2 4 5 6 |  6.5
Fire Magic     | 2 4 6 |  6.4
Earth Magic    | 3 5 |  5.2

Action                     |  1- 3 |  4- 6 |  7- 9 | 10-12 | 13-15 | 16-18 | 19-21 | 22-24 | 25-27 || total
---------------------------+-------+-------+-------+-------+-------+-------+-------+-------+-------++-------
  Melee: War axe           |   113 |   180 |    61 |       |       |       |       |       |       ||   354
         Punch             |     1 |     4 |     2 |     9 |       |       |       |       |       ||    16
         Broad axe         |       |       |    85 |   372 |   776 |  1075 |  1303 |  1625 |     2 ||  5238
         Bite              |       |       |       |       |       |       |       |    82 |       ||    82
  Throw: Throwing net      |       |     5 |       |       |     6 |       |       |       |       ||    11
         Javelin           |       |     4 |    15 |    16 |     2 |    60 |    28 |     4 |       ||   129
         Boomerang         |       |       |       |    92 |   249 |   210 |       |    23 |       ||   574
   Cast: Olgreb's Toxic Ra |       |       |       |       |       |     1 |    16 |    20 |       ||    37
         Ignite Poison     |       |       |       |       |       |       |     3 |    12 |       ||    15
         Passwall          |       |       |       |       |       |       |     1 |       |       ||     1
         Alistair's Intoxi |       |       |       |       |       |       |       |     6 |       ||     6
 Invoke: Oozemancy         |       |       |       |       |       |       |     2 |     6 |       ||     8
         Slimify           |       |       |       |       |       |       |       |     1 |       ||     1
  Evoke: Wand              |       |       |       |       |     6 |    40 |    16 |    10 |       ||    72
         Box of beasts     |       |       |       |       |       |     3 |     2 |     1 |       ||     6
         Phantom mirror    |       |       |       |       |       |     2 |       |     2 |       ||     4
         Phial of floods   |       |       |       |       |       |       |     1 |       |       ||     1
         Lightning rod     |       |       |       |       |       |       |       |     2 |       ||     2
    Use: Scroll            |       |       |    18 |    13 |    14 |    11 |     7 |     8 |       ||    71
         Potion            |       |       |       |     2 |     7 |     9 |     1 |     5 |     1 ||    25
   Stab: Sleeping          |     4 |     2 |       |       |       |       |       |     4 |       ||    10
         Held in net/web   |       |       |       |       |     1 |       |       |       |       ||     1
         Petrified         |       |       |       |       |     8 |       |       |       |       ||     8
         Distracted        |       |       |       |       |       |       |     2 |    11 |       ||    13
         Invisible         |       |       |       |       |       |       |     1 |       |       ||     1
         Confused          |       |       |       |       |       |       |       |    17 |       ||    17
 Armour: Leather armour    |    82 |    30 |       |       |       |       |       |       |       ||   112
         Chain mail        |       |    88 |    98 |   294 |   603 |   807 |   591 |   413 |       ||  2894
         Quicksilver drago |       |       |       |       |       |       |       |   158 |       ||   158
         Fire dragon scale |       |       |       |       |       |       |       |   304 |     2 ||   306
  Dodge: Dodged            |    78 |    98 |    63 |   128 |   174 |   257 |   219 |   374 |     3 ||  1394
  Block: Tower shield      |       |       |       |   108 |   647 |   915 |   966 |  1200 |     4 ||  3840

Table legend: (Time is in decaauts)
 A = Elapsed time spent in this place.
 B = Non-inter-level travel time spent in this place.
 C = Inter-level travel time spent in this place.
 D = Time resting spent in this place.
 E = Time spent auto-exploring this place.
 F = Levels seen in this place.
 G = Mean time per level.
                   A        B        C        D        E       F      G
               +--------+--------+--------+--------+--------+-----+--------+
         Total |  48521 |  43656 |   4865 |     10 |  30543 |  55 |  882.2 |
       Dungeon |  13216 |  11498 |   1718 |      0 |   8736 |  15 |  881.1 |
        Temple |      1 |      1 |      0 |      0 |      0 |   1 |    1.0 |
          Lair |   5980 |   5154 |    826 |      0 |   4069 |   5 | 1196.0 |
        Shoals |   3226 |   3041 |    185 |      0 |   2114 |   4 |  806.5 |
     Snake Pit |   4352 |   4192 |    160 |      0 |   3381 |   4 | 1088.0 |
    Slime Pits |   1984 |   1727 |    257 |      0 |   1142 |   5 |  396.8 |
  Orcish Mines |   1688 |   1492 |    196 |      0 |   1021 |   2 |  844.0 |
   Elven Halls |   3089 |   2842 |    247 |      0 |   1854 |   3 | 1029.7 |
        Vaults |   3309 |   2850 |    459 |      0 |   2018 |   4 |  827.2 |
         Crypt |    871 |    827 |     44 |      0 |    557 |   1 |  871.0 |
        Depths |   4595 |   4108 |    487 |      0 |   2667 |   4 | 1148.8 |
           Zot |   4918 |   4635 |    283 |     10 |   2478 |   5 |  983.6 |
      Ice Cave |    805 |    805 |      0 |      0 |    465 |   1 |  805.0 |
        Wizlab |    479 |    479 |      0 |      0 |     39 |   1 |  479.0 |
               +--------+--------+--------+--------+--------+-----+--------+

Top non-repeatable levels by time:
  Lair:2: 1461 daAuts
Depths:3: 1442 daAuts
  Lair:4: 1372 daAuts
   Zot:5: 1360 daAuts
Vaults:1: 1332 daAuts
 Snake:2: 1303 daAuts
  Lair:1: 1298 daAuts
Depths:1: 1276 daAuts
     D:1: 1236 daAuts
 Snake:3: 1207 daAuts
     D:9: 1187 daAuts
Vaults:2: 1158 daAuts
     D:2: 1157 daAuts
    D:11: 1132 daAuts
   Zot:2: 1074 daAuts
